 Dungeon Crawl Stone Soup version 0.31-a0-1098-g6898e6545c (webtiles) character file.

Game seed: 17728671909552670036

289 Dirtsage the Changeling (level 6, -4/42 HPs)
             Began as an Octopode Shapeshifter on Dec 1, 2023.
             Slain by Grinder (7 damage)
             ... while paralysed by Grinder
             ... on level 3 of the Dungeon.
             The game lasted 00:03:13 (2059 turns).

Dirtsage the Changeling (Octopode Shapeshifter)     Turns: 2059, Time: 00:03:14

Health: -4/42      AC:  1    Str: 13    XL:     6   Next: 31%
Magic:  6/6        EV:  2    Int: 12    God:
Gold:   72         SH:  0    Dex: 14    Spells: 5/5 levels left

rFire   . .          .
                       - Unarmed
rCold   + . .        (no shield)
rNeg    . . .        (helmet currently unavailable)
rPois   .            (no amulet)
rElec   .            I - ring of protection from cold
rCorr   .            (no ring)
SInv    .            (no ring)
Will    .....        (no ring)
Stlth   ++           (no ring)
HPRegen 0.27/turn    (no ring)
MPRegen 0.10/turn    (no ring)
                     (no ring)

%: no passive effects
@: paralysed, beast-form
A: beast (slay +2), almost no armour, amphibious, 8 rings, camouflage 1,
gelatinous body 1, (nimble swimmer 1), tentacles
a: Begin Untransformation


You were on level 3 of the Dungeon.
You were a hulking beast.
You visited 1 branch of the dungeon, and saw 3 of its levels.
You also visited: Sewer.

You collected 72 gold pieces.

Inventory:

Magical Staves
 h - a staff of fire
Jewellery
 I - a ring of protection from cold (left tentacle)
Talismans
 b - a beast talisman
 c - a flux talisman
 j - a serpent talisman
 n - a flux talisman
Scrolls
 d - a scroll of blinking {unknown}
 e - 2 scrolls of identify {unknown}
 f - a scroll of brand weapon {unknown}
 k - 2 scrolls of fear {unknown}
 q - a scroll of amnesia {unknown}
 r - a scroll of enchant weapon {unknown}
 s - 2 scrolls of enchant armour {unknown}
 v - a scroll of noise {unknown}
Potions
 a - a potion of lignification
 g - a potion of ambrosia {unknown}
 i - a potion of brilliance {unknown}
 l - 2 potions of might {unknown}
 m - 3 potions of cancellation {unknown}
 o - a potion of enlightenment {unknown}
 p - a potion of heal wounds {unknown}
 t - a potion of curing {unknown}
 u - a potion of haste {unknown}


   Skills:
 + Level 3.1 Fighting
 - Level 2.0 Dodging
 + Level 4.2 Unarmed Combat
 * Level 5.0 Shapeshifting


You had 5 spell levels left.
You didn't know any spells.
Your spell library contained the following spells:

 Spells                   Type           Power      Damage    Failure   Level
 Blink                    Tloc           0%         N/A       45%         2
 Cigotuvi's Dreadful Rot  Necr/Pois/Air  0%         N/A       45%         2
 Lesser Beckoning         Tloc           0%         N/A       45%         2
 Gell's Gravitas          Tloc           0%         N/A       69%         3
 Teleport Other           Tloc           0%         N/A       69%         3
 Dispel Undead            Necr           0%         3d6       97%         4
 Manifold Assault         Tloc           0%         N/A       97%         4
 Death Channel            Necr           0%         N/A       100%        6


Dungeon Overview and Level Annotations

Branches:
Dungeon (3/15)              Sewer (visited)

Altars:
Okawaru
Qazlal
Trog

Annotations:
D:3 Grinder


Innate Abilities, Weirdness & Mutations

You are a hulking beast.
Your limbs bulge with bestial killing power. (Slay +2)
You cannot wear most types of armour.
You are amphibious.
You can wear up to eight rings at the same time.
Your skin changes colour to match your surroundings (Stealth+).
Your rubbery body absorbs attacks. (AC +1, EV +1)
((You are camouflaged when in or above water. (Stealth+)))
You have tentacles for arms and can constrict up to eight enemies at once.


Message History

No target in view!
You open the door.
Found a bloodstained altar of Trog.
There is an open door here.
There is an open door here.
Found a stone staircase leading down.
There is an escape hatch in the ceiling here.
v - a scroll labelled OZOIQICEQA You open the door.
A frilled lizard comes into view.
The frilled lizard hisses angrily.
You hear a shout! x2
You tentacle-slap the frilled lizard.
You kill the frilled lizard!
Grinder comes into view.
You bludgeon Grinder! You grab Grinder.
Grinder is lightly wounded.
You constrict Grinder, but do no damage.
Grinder hits you!
You take 8 damage, and have 34/42 hp.
You tentacle-slap Grinder.
Grinder is moderately wounded.
You constrict Grinder. Grinder hits you.
You writhe in agony.
You take 10 damage, and have 24/42 hp.
MASSIVE DAMAGE!!
You bludgeon Grinder! You squeeze Grinder.
Grinder is severely wounded.
You constrict Grinder. Grinder barely misses you.
A hobgoblin comes into view.
You completely miss Grinder. You tentacle-slap Grinder. You squeeze Grinder!
Grinder is almost dead.
You constrict Grinder, but do no damage.
Grinder gestures at you.
You suddenly lose the ability to move!
You lose your grip on Grinder.
Grinder says, "Don't move a muscle."
Grinder hits you.
You writhe in agony.
Grinder gestures at you. Pain shoots through your body!
* * * LOW HITPOINT WARNING * * *
Grinder hits you!
You die...
Grinder says, "Now the real fun starts!"

#.# #..#
#.# ##.#
###.# #.#
....# #.#
#####
##.# ##
#..# #g
####.#
#5##.#..#
#.h.....#
#########


You could see Grinder and a hobgoblin.

Vanquished Creatures
  A water moccasin (Sewer)
  Pargi (D:3)
  3 adders
  2 river rats (D:3)
  3 dart slugs
  4 endoplasms
  2 giant cockroaches
  4 goblins
  7 hobgoblins
  3 jackals
  A quokka (D:3)
  2 ball pythons
  5 bats (D:1)
  2 frilled lizards
  5 kobolds
  6 rats
51 creatures vanquished.

Notes
Turn   | Place    | Note
-------+----------+-------------------------------------------
     0 | D:1      | Dirtsage the Octopode Shapeshifter began the quest for the
                  | Orb.
     0 | D:1      | Reached XP level 1. HP: 13/13 MP: 1/1
   217 | D:1      | Reached XP level 2. HP: 18/18 MP: 2/2
   645 | D:1      | Reached XP level 3. HP: 23/23 MP: 3/3
   806 | D:2      | Found a faded altar of an unknown god.
  1205 | D:2      | Reached XP level 4. HP: 27/29 MP: 4/4
  1318 | D:3      | Found a stormy altar of Qazlal.
  1367 | D:3      | Found an iron altar of Okawaru.
  1459 | D:3      | Reached skill level 4 in Shapeshifting
  1511 | D:3      | Noticed Pargi
  1522 | D:3      | Killed Pargi
  1523 | D:3      | Reached XP level 5. HP: 35/35 MP: 5/5
  1571 | D:3      | Found a glowing drain.
  1575 | Sewer    | Entered a sewer
  1635 | Sewer    | Noticed a water moccasin
  1643 | Sewer    | Killed a water moccasin
  1644 | Sewer    | Reached skill level 5 in Shapeshifting
  1644 | Sewer    | Reached XP level 6. HP: 42/42 MP: 6/6
  1967 | D:3      | Found a bloodstained altar of Trog.
  2052 | D:3      | Noticed Grinder
  2056 | D:3      | Paralysed by Grinder for 5 turns
  2058 | D:3      | HP: 2/42 [Grinder/nerve-wracking pain (12)]
  2059 | D:3      | Slain by Grinder

Illustrated notes

Levels and vault maps discovered:
D:1:      matt_arrival_los_fun, layout_basic
D:2:      layout_rooms, dreamdust_ecumenical_altar_statues
D:3:      minmay_wonky_spiral, layout_loops_ring,
          nicolae_overflow_quartered_altars, gup_sewer_entry_spiral, uniq_pargi,
          uniq_grinder

Skill      XL: |  1  2  3  4  5 |
---------------+----------------+-----
Fighting       | 2 3 |  3.1
Shapeshifting  | 4 5 |  5.0
Unarmed Combat | 4 |  4.2
Dodging        | |  2.0

Action                     |  1- 3 |  4- 6 || total
---------------------------+-------+-------++-------
  Melee: Unarmed           |    61 |    41 ||   102
         Constrict         |    15 |    11 ||    26
         Tentacles         |     9 |     8 ||    17
         Punch             |     2 |     1 ||     3
    Use: Potion            |       |     2 ||     2
   Stab: Sleeping          |    12 |       ||    12
 Armour: Skin              |    16 |    36 ||    52
  Dodge: Dodged            |    31 |    11 ||    42

Table legend: (Time is in decaauts)
 A = Elapsed time spent in this place.
 B = Non-inter-level travel time spent in this place.
 C = Inter-level travel time spent in this place.
 D = Time resting spent in this place.
 E = Time spent auto-exploring this place.
 F = Levels seen in this place.
 G = Mean time per level.
                   A        B        C        D        E       F      G
               +--------+--------+--------+--------+--------+-----+--------+
         Total |   2051 |   2015 |     36 |    144 |   1541 |   4 |  512.8 |
       Dungeon |   1802 |   1766 |     36 |     15 |   1458 |   3 |  600.7 |
         Sewer |    248 |    248 |      0 |    129 |     83 |   1 |  248.0 |
               +--------+--------+--------+--------+--------+-----+--------+

Top non-repeatable levels by time:
     D:1: 796 daAuts
     D:2: 510 daAuts
     D:3: 495 daAuts
   Sewer: 248 daAuts
